 Dungeon Crawl Stone Soup version 0.30-a0-1008-g30c9307041 (webtiles) character file.

Game seed: 6581947103713153136

963 DeathPants the Grave Robber (level 7, -1/54 HPs)
             Began as a Demonspawn Necromancer on Apr 5, 2023.
             Killed from afar by Ijyb (13 damage)
             ... with an iceblast
             ... on level 5 of the Dungeon.
             The game lasted 00:11:42 (3856 turns).

DeathPants the Grave Robber (DsNe)                  Turns: 3856, Time: 00:11:43

Health: -1/54      AC:  6    Str:  9    XL:     7   Next: 92%
Magic:  8/13       EV: 13    Int: 16    God:
Gold:   132        SH:  0    Dex: 15    Spells: 3/15 levels left

rFire   . . .      SeeInvis .    a - +3 hand axe (venom)
rCold   . . .      Faith    .    (no shield)
rNeg    + . .      Spirit   .    y - +3 leather armour {rPois}
rPois   +          Reflect  .    (helmet restricted)
rElec   .          Rampage  .    (no cloak)
rCorr   .          Clarity  +    (no gloves)
Will    +++..                    (no boots)
Stlth   ++                       o - amulet of the Four Winds {rN+ Will+++ Clar}
HPRegen 0.29/turn                u - ring of wizardry
MPRegen 0.13/turn                (no ring)

@: lethally poisoned (-1 -> -8)
A: hooves 2, horns 1, spiny 1
a: no special abilities


You were on level 5 of the Dungeon.
You visited 1 branch of the dungeon, and saw 5 of its levels.

You collected 132 gold pieces.

Inventory:

Hand Weapons
 a - a +3 hand axe of venom (weapon)
 f - a +0 dagger
Missiles
 k - 10 poisoned darts
 t - 6 silver boomerangs
Armour
 y - a +3 leather armour of poison resistance (worn)
Jewellery
 o - the amulet of the Four Winds (around neck) {rN+ Will+++ Clar}
   (You found it on level 2 of the Dungeon)

   [amulet of nothing]

   rN:        It protects you from negative energy.
   Clar:      It protects you against confusion.
   Will:      It greatly increases your willpower.
 u - a ring of wizardry (left hand)
 w - a ring of see invisible
Scrolls
 e - a scroll of butterflies
 g - a scroll of enchant armour
 h - 2 scrolls of teleportation
 v - 2 scrolls of fog
Potions
 b - 2 potions of magic
 i - 2 potions of heal wounds
 j - 2 potions of curing
 m - a potion of lignification
 n - a potion of invisibility
 p - a potion of brilliance
 x - a potion of flight
 z - a potion of mutation {unknown}


   Skills:
 + Level 4.2 Fighting
 + Level 4.4 Dodging
 - Level 1.7 Stealth
 + Level 4.6 Spellcasting
 + Level 0.0 Hexes
 + Level 6.6 Necromancy


You had 3 spell levels left.
You knew the following spells:

 Your Spells              Type           Power      Damage    Failure   Level
a - Necrotise             Necr           96%        1d8       1%          1
b - Vampiric Draining     Necr           24%        2d7       1%          3
c - Agony                 Necr           24%        N/A       16%         5
d - Tukima's Dance        Hex            3%         N/A       26%         3

Your spell library contained the following spells:

 Spells                   Type           Power      Damage    Failure   Level
 Shock                    Conj/Air       12%        1d3       9%          1
 Swiftness                Air            3%         N/A       26%         3
 Animate Dead             Necr           24%        N/A       6%          4
 Airstrike                Air            1%         2d(1-17)  63%         4
 Passage of Golubria      Tloc           3%         N/A       63%         4
 Yara's Violent Unravell  Hex/Tmut       1%         3d3       91%         5


Dungeon Overview and Level Annotations

Branches:
Dungeon (5/15)
 Temple: D:4-7

Altars:
Cheibriados
Nemelex Xobeh
Qazlal
Uskayaw

Annotations:
D:5 Ijyb


Innate Abilities, Weirdness & Mutations

You have hoof-like feet.
You have a pair of small horns on your head.
You are partially covered in sharp spines.


Message History

Things that are here:
a +0 dagger; a goblin skeleton; a hound skeleton You see here a hound skeleton.
You see here a +0 club.
Your butterfly disappears in a burst of colours!
There is a stone staircase leading down, spattered with blood here.
You climb downwards.
There is a stone staircase leading up, spattered with blood here.
You now have 132 gold pieces (gained 3).
You see here a +0 whip.
Items here: )) รทรท.
Okay, then.
Things that are here:
a +0 giant club; a +0 flail Ijyb the Twisted Goblin comes into view.
She is wielding a +0 dagger of venom and carrying a wand of iceblast (4).
Ijyb shouts!
Things that are here:
2 boomerangs; a +0 dagger
Found a stone staircase leading down.
Ijyb zaps a wand.
The mass of ice explodes!
The iceblast engulfs you!
You see here a +0 club.
Ijyb zaps a wand.
The mass of ice explodes!
The iceblast engulfs you! Ijyb is struck by your spines.
Ijyb hits you with a +0 dagger of venom.
You are poisoned.
Casting: Necrotise (safe; 1% risk of failure)
Confirm with . or Enter, or press ? or * to list all spells.
Aiming: Agony (quite dangerous; 16% risk of failure)
Press: ? - help, Shift-Dir - straight line, f - Ijyb
Aim: Ijyb, wielding a +0 dagger of venom, wearing a +0 scale mail and carrying a wand of iceblast (2) (lightly wounded, chance to affect: 93%) Ijyb convulses!
You feel very sick.
Ijyb zaps a wand.
The mass of ice explodes!
The iceblast engulfs you!
* * * LOW HITPOINT WARNING * * *
The iceblast engulfs Ijyb!
You hit Ijyb but do no damage. Your headbutt misses Ijyb.
Ijyb is almost dead.
You feel very sick.
Ijyb zaps a wand.
The mass of ice explodes!
The iceblast engulfs you!
You die...

#... ... ##....... .
##....... ..#
###..>..#.# ...#
........#.##...#
................
................
###....@g......
##.##........$#. .
...............#
..###....)........
.......##(.##........
#......###.#...?....#
..#....).....##... #
#....##.#...#.#
...##....####.....


You could see Ijyb.

Vanquished Creatures
  Menkaure (D:4)
  2 water moccasins
  A black bear (D:4)
  2 ogres
  2 hounds (D:4)
  An orc priest (D:5)
  Jessica (D:3)
  An iguana (D:4)
  Natasha (D:2)
  3 gnolls (D:5)
  5 adders
  A shadow imp (D:5)
  4 worms
  3 dart slugs
  8 orcs (D:5)
  9 ball pythons
  8 endoplasms
  3 giant cockroaches
  4 goblins
  8 hobgoblins
  9 jackals
  3 quokkas
  7 bats
  2 frilled lizards
  7 kobolds
  9 rats
105 creatures vanquished.

Vanquished Creatures (collateral kills)
  A giant cockroach (D:1)
1 creature vanquished.

Grand Total: 106 creatures vanquished

Notes
Turn   | Place    | Note
-------+----------+-------------------------------------------
     0 | D:1      | DeathPants the Demonspawn Necromancer began the quest for
                  | the Orb.
     0 | D:1      | Reached XP level 1. HP: 13/13 MP: 3/3
   172 | D:1      | Gained mutation: You are partially covered in sharp spines.
                  | [demonic ancestry]
   172 | D:1      | Reached XP level 2. HP: 20/20 MP: 0/5
   295 | D:2      | Noticed Natasha
   320 | D:1      | Reached skill level 1 in Fighting
   451 | D:2      | Discovered your monstrous ancestry.
   451 | D:2      | Gained mutation: You have large cloven feet. [demonic
                  | ancestry]
   451 | D:2      | Reached XP level 3. HP: 26/26 MP: 6/6
   693 | D:2      | Killed Natasha
   891 | D:2      | Gained mutation: You have hoof-like feet. [demonic
                  | ancestry]
   891 | D:2      | Reached XP level 4. HP: 19/32 MP: 5/8
  1013 | D:2      | Found the amulet of the Four Winds {rN+ Will+++ Clar}
  1526 | D:3      | Found a stormy altar of Qazlal.
  1719 | D:3      | Reached skill level 5 in Necromancy
  1758 | D:3      | Noticed Jessica
  1764 | D:3      | Killed Jessica
  2120 | D:4      | Learned a level 3 spell: Vampiric Draining
  2318 | D:4      | Found a snail-covered altar of Cheibriados.
  2328 | D:4      | Reached XP level 5. HP: 36/38 MP: 9/9
  2371 | D:4      | Found a sparkling altar of Nemelex Xobeh.
  2385 | D:4      | Noticed an ogre
  2386 | D:4      | Found a hide-covered altar of Uskayaw.
  2392 | D:4      | Killed an ogre
  2692 | D:4      | Noticed Menkaure
  2700 | D:4      | Killed Menkaure
  2701 | D:4      | Gained mutation: You have a pair of small horns on your
                  | head. [demonic ancestry]
  2701 | D:4      | Reached XP level 6. HP: 10/46 MP: 9/11
  2853 | D:5      | Entered Level 5 of the Dungeon
  2857 | D:5      | Noticed a water moccasin
  3081 | D:5      | Reached skill level 6 in Necromancy
  3081 | D:5      | Reached XP level 7. HP: 52/52 MP: 11/13
  3615 | D:4      | Learned a level 5 spell: Agony
  3735 | D:4      | Learned a level 3 spell: Tukima's Dance
  3849 | D:5      | Noticed Ijyb
  3856 | D:5      | Killed from afar by Ijyb

Illustrated notes

Levels and vault maps discovered:
D:1:      evilmike_arrival_home_sweet_home, layout_basic,
          nicolae_concentric_dashed_squares_wild
D:2:      layout_basic, minmay_three_crescents, uniq_natasha
D:3:      layout_basic, mainiacjoe_overflow_small_starburst, uniq_jessica
D:4:      minmay_opposing_rooms, layout_basic, kennysheep_slug_shrine,
          mainiacjoe_overflow_catwalk_spiral, uniq_menkaure
D:5:      layout_cave_pools, uniq_edmund, uniq_eustachio, uniq_ijyb,
          uniq_duvessa

Skill      XL: |  1  2  3  4  5  6  7 |
---------------+----------------------+-----
Dodging        | 2 3 4 |  4.4
Fighting       | 1 2 3 4 |  4.2
Necromancy     | 5 6 |  6.6
Spellcasting   | 3 4 |  4.6
Stealth        | |  1.7

Action                     |  1- 3 |  4- 6 |  7- 9 || total
---------------------------+-------+-------+-------++-------
  Melee: Club              |     2 |       |       ||     2
         Dagger            |    32 |    16 |       ||    48
         Kick              |     1 |    22 |    14 ||    37
         Punch             |     1 |       |       ||     1
         Hand axe          |       |    48 |    48 ||    96
         Headbutt          |       |     2 |     5 ||     7
   Cast: Necrotise         |    19 |     3 |     3 ||    25
         Vampiric Draining |       |     1 |       ||     1
         Agony             |       |       |     1 ||     1
    Use: Potion            |       |     1 |     1 ||     2
         Scroll            |       |       |    14 ||    14
   Stab: Sleeping          |       |     6 |       ||     6
 Armour: Leather armour    |    13 |    12 |     9 ||    34
  Dodge: Dodged            |    32 |    41 |    43 ||   116

Table legend: (Time is in decaauts)
 A = Elapsed time spent in this place.
 B = Non-inter-level travel time spent in this place.
 C = Inter-level travel time spent in this place.
 D = Time resting spent in this place.
 E = Time spent auto-exploring this place.
 F = Levels seen in this place.
 G = Mean time per level.
                   A        B        C        D        E       F      G
               +--------+--------+--------+--------+--------+-----+--------+
         Total |   3892 |   3842 |     50 |     95 |   2865 |   5 |  778.4 |
       Dungeon |   3892 |   3842 |     50 |     95 |   2865 |   5 |  778.4 |
               +--------+--------+--------+--------+--------+-----+--------+

Top non-repeatable levels by time:
     D:4: 1665 daAuts
     D:3: 763 daAuts
     D:1: 717 daAuts
     D:2: 632 daAuts
     D:5: 114 daAuts
